Map: Frozen Temple

Players

Schedar

  • Race: Protoss Protoss
  • League: Master

Miszu - Winner!

  • Race: Terran Terran
  • League: Master

VOD

Have the link to the VOD?

Description

Time

  • Played on: April 3, 2016, 7:38 a.m.
  • Length: 8:40
Show
View Real Time Build Order
Export as new Build Order

Schedar Protoss 

Build Orders: 1 Gate Expand 

Get SALT Encoding   

  12  0:01  Probe (Chrono Boost)  
  13  0:12  Probe (Chrono Boost)  
  14  0:18  Pylon  
  14  0:22  Probe (Chrono Boost)  
  15  0:36  Probe (Chrono Boost)  
  15  0:39  Gateway  
  16  0:43  Assimilator  
  16  0:47  Probe (Chrono Boost)  
  17  0:57  Probe (Chrono Boost)  
  18  1:08  Probe (Chrono Boost)  
  19  1:22  Nexus  
  19  1:32  Cybernetics Core  
  19  1:37  Probe (Chrono Boost)  
  20  1:41  Assimilator  
  20  1:52  Probe (Chrono Boost)  
  21  1:54  Pylon  
  21  2:09  Mothership Core (Chrono Boost)  
  21  2:13  Adept  
  25  2:27  Probe (Chrono Boost)  
  26  2:35  Probe (Chrono Boost)  
  27  2:38  Probe (Chrono Boost)  
  27  2:39  Robotics Facility  
  28  2:44  Probe (Chrono Boost)  
  28  2:48  Probe (Chrono Boost)  
  28  2:49  Warp Gate (Chrono Boost)  
  30  2:54  Probe  
  31  3:00  Probe  
  33  3:12  Probe  
  33  3:13  Probe  
  34  3:22  Twilight Council  
  34  3:25  Probe  
  34  3:26  Pylon  
  35  3:27  Gateway  
  35  3:28  Gateway  
  35  3:30  Probe  
  35  3:33  Observer (Chrono Boost)  
  37  3:37  Probe  
  37  3:40  Pylon, Probe  
  39  3:49  Probe  
  39  3:52  Observer (Chrono Boost), Probe  
  39  3:55  Pylon  
  42  4:01  Probe  
  43  4:03  Probe  
  43  4:06  Assimilator  
  35  4:41  Stalker  
  35  4:42  Stalker x2  
  33  4:56  Probe  
  33  4:57  Probe  
  35  5:07  Probe  
  35  5:10  Probe  
  35  5:13  Stalker x2  
  41  5:17  Probe  
  42  5:27  Probe  
  41  5:40  Pylon  
  41  5:42  Blink (Chrono Boost)  
  41  5:49  Pylon  
  41  5:56  Probe  
  42  5:57  Probe  
  43  6:07  Stalker, Probe  
  43  6:08  Probe  
  43  6:11  Sentry  
  49  6:18  Probe  
  49  6:20  Probe  
  51  6:28  Probe  
  51  6:32  Assimilator, Probe  
  53  6:39  Probe  
  53  6:44  Probe  
  55  6:49  Observer, Probe  
  55  6:54  Gateway  
  57  6:56  Probe  
  57  6:59  Templar Archives  
  58  7:06  Stalker x3  
  58  7:08  Probe x2  
  66  7:20  Probe  
  67  7:38  Stalker x3  
  73  7:49  Pylon  
  71  7:53  Pylon  
  63  8:12  Stalker x3  
  60  8:31  High Templar  
  62  8:36  Gateway  
Show
View Real Time Build Order
Export as new Build Order

Miszu Terran - Winner!

Build Orders: 1/1/1, Liberator Opening, MMM Bio 

Get SALT Encoding   

  12  0:00  SCV  
  13  0:12  SCV  
  14  0:17  Supply Depot  
  14  0:25  SCV  
  14  0:27  Refinery  
  15  0:39  SCV  
  16  0:46  Barracks  
  16  0:51  SCV  
  17  1:03  SCV  
  18  1:05  Refinery  
  18  1:15  SCV  
  20  1:34  Factory  
  20  1:36  Orbital Command  
  20  1:37  Marine  
  20  1:47  Supply Depot  
  20  1:55  Marine  
  21  2:01  SCV  
  22  2:13  Marine  
  22  2:14  SCV  
  24  2:18  Hellion  
  24  2:20  Starport  
  26  2:26  SCV  
  26  2:28  Supply Depot  
  27  2:31  Marine  
  28  2:39  Hellion  
  30  2:48  SCV  
  30  2:49  Marine  
  32  2:57  Medivac  
  34  3:00  SCV  
  34  3:01  Hellion  
  37  3:07  Marine  
  38  3:13  SCV  
  38  3:14  Supply Depot  
  39  3:23  Factory Tech Lab  
  39  3:26  Barracks Reactor  
  39  3:36  Liberator, SCV  
  39  3:39  Command Center  
  40  3:42  Siege Tank  
  47  3:56  Supply Depot  
  47  3:57  SCV  
  47  4:18  SCV  
  47  4:20  Barracks  
  47  4:21  Barracks  
  43  4:28  Marine x2  
  43  4:30  SCV  
  41  4:42  SCV  
  42  4:46  Marine x2  
  44  4:55  SCV  
  44  4:57  Siege Tank  
  44  4:58  Orbital Command  
  46  5:04  Marine  
  47  5:07  Marine, SCV  
  47  5:09  Barracks Tech Lab  
  47  5:12  Barracks Tech Lab  
  49  5:19  SCV  
  50  5:24  SCV  
  50  5:25  Marine  
  52  5:31  Starport Reactor, SCV  
  53  5:36  SCV  
  53  5:37  Marine x3  
  53  5:41  Stimpack  
  57  5:43  Supply Depot, SCV  
  57  5:44  Refinery  
  57  5:48  SCV  
  59  5:50  Marine  
  59  5:55  Marine  
  59  5:56  SCV  
  62  5:59  Engineering Bay  
  62  6:00  SCV  
  62  6:01  Marine x2  
  62  6:02  Combat Shields  
  62  6:07  Supply Depot  
  62  6:08  Marine, Medivac x2, SCV  
  68  6:13  SCV  
  69  6:18  Marine  
  69  6:19  Marine  
  69  6:20  SCV  
  69  6:23  Supply Depot  
  69  6:25  Terran Infantry Weapons Level 1, SCV  
  73  6:27  Liberator  
  73  6:28  Liberator  
  73  6:29  Marine, Marauder  
  73  6:32  SCV  
  77  6:38  Missile Turret  
  77  6:40  Missile Turret  
  77  6:41  Marine  
  77  6:46  Marine  
  87  6:51  Marine x2  
  87  6:53  SCV x2  
  89  6:58  Supply Depot x2  
  89  6:59  Marine  
  90  7:04  Marine  
  90  7:05  SCV  
  92  7:10  Marauder  
  92  7:11  Liberator x2  
  94  7:19  Marine, SCV x2  
  94  7:20  Marauder  
  94  7:21  Supply Depot  
  94  7:22  Supply Depot, Marine  
  106  7:31  SCV x2  
  106  7:34  Reaper  
  109  7:39  Marine  
  109  7:42  Marine, Marauder  
  113  7:49  Barracks  
  113  7:54  Command Center, Barracks  
  113  7:57  Marine  
  113  7:58  SCV  
  115  7:59  SCV  
  115  8:02  Refinery  
  115  8:04  Marauder  
  113  8:11  Marine  
  113  8:12  Marauder  
  108  8:20  Marine  
Tags
 
Add a new tag
Caveats
  • Supply blocks, unpowered buildings, or Contaminate may cause inaccurate times.
  • Supply counts are checked every 10 seconds.